 Dungeon Crawl Stone Soup version 0.29.0-4-gdea44cf6ec (webtiles) character file.

Game seed: 15717623866296045039

62 Destructed3 the Trooper (level 3, -1/29 HPs)
             Began as a Mummy Fighter on Aug 27, 2022.
             Was a Follower of Trog.
             Slain by Terence
             ... wielding a +0 trident
              (5 damage)
             ... on level 3 of the Dungeon.
             The game lasted 00:03:39 (1742 turns).

Destructed3 the Trooper (Mummy Fighter)             Turns: 1742, Time: 00:03:39

Health: -1/29      AC:  6    Str: 21    XL:     3   Next: 85%
Magic:  0/3        EV:  9    Int:  7    God:    Trog [*.....]
Gold:   17         SH:  4    Dex: 11    Spells: 2/2 levels left

rFire   x . .      SeeInvis .   a - +0 long sword
rCold   + . .      Faith    .   c - +0 buckler
rNeg    + + +      Spirit   +   b - +0 scale mail
rPois   ∞          Reflect  .   (no helmet)
rElec   .          Harm     .   (no cloak)
rCorr   .          Rampage  .   (no gloves)
Will    .....                   (no boots)
Stlth   ..........              j - amulet of guardian spirit
HPRegen 0.09/turn               (no ring)
MPRegen 0.08/turn               (no ring)

@: no status effects
A: cold resistance 1, negative energy resistance 3, torment resistance 2, heat
vulnerability 1, in touch with death 1, no potions
a: Renounce Religion


You were on level 3 of the Dungeon.
You worshipped Trog.
Trog was aware of your devotion.
You visited 1 branch of the dungeon, and saw 3 of its levels.

You collected 92 gold pieces.
You spent 75 gold pieces at shops.

Inventory:

Hand Weapons
 a - a +0 long sword (weapon)
 i - a +2 dagger of speed
Armour
 b - a +0 scale mail (worn)
 c - a +0 buckler (worn)
Jewellery
 j - an amulet of guardian spirit (around neck)
Scrolls
 d - 2 scrolls of magic mapping {unknown}
 e - 2 scrolls of teleportation {unknown}
 f - a scroll of enchant armour {unknown}
 g - a scroll of poison {unknown}
 h - 2 scrolls of immolation {unknown}


   Skills:
 + Level 3.5 Fighting
 + Level 2.2 Long Blades
 + Level 2.9 Armour
 + Level 2.9 Shields


You had 2 spell levels left.
You didn't know any spells.
Your spell library was empty.

Dungeon Overview and Level Annotations

Branches:
Dungeon (3/15)

Altars:
Trog

Shops:
D:2 *

Annotations:
D:2 Sigmund
D:3 Terence


Innate Abilities, Weirdness & Mutations

You are immune to poison.
Your flesh is cold resistant. (rC+)
You are immune to negative energy. (rN+++)
You are immune to unholy pain and torment.
You are vulnerable to heat. (rF-)
You are in touch with the powers of death.
You do not drink.


Message History

The jackal closely misses you. You block the adder's attack.
Terence hits you but does no damage.
The jackal bites you but does no damage.
The adder bites you. The adder attacks as you move away!
The adder bites you but does no damage. The jackal attacks as you move away!
The jackal barely misses you. Terence hits you but does no damage.
You hit Terence but do no damage. The jackal bites you.
The adder bites you but does no damage. You block Terence's attack.
The jackal bites you but does no damage.
You block the adder's attack.
You closely miss Terence. The jackal barely misses you.
Terence hits you with a +0 trident. The adder closely misses you.
The jackal bites you but does no damage.
You hit Terence.
Terence is lightly wounded.
You block the adder's attack. Terence hits you with a +0 trident.
The jackal bites you but does no damage.
The adder bites you but does no damage. Terence barely misses you.
You hit Terence.
Terence is lightly wounded.
The jackal bites you but does no damage.
The adder bites you but does no damage.
The jackal bites you but does no damage.
Terence hits you with a +0 trident.
* * * LOW HITPOINT WARNING * * *
The adder bites you.
* * * LOW HITPOINT WARNING * * *
You closely miss Terence.
Terence is lightly wounded.
The jackal barely misses you. You block the adder's attack.
Terence hits you with a +0 trident.
* * * LOW HITPOINT WARNING * * *
The jackal bites you but does no damage.
You hit Terence but do no damage.
Terence is lightly wounded.
The jackal completely misses you. You block the adder's attack.
Terence closely misses you. The jackal closely misses you.
The adder bites you but does no damage. Terence hits you with a +0 trident.
You die...

#.......#
#.....#.##
#........##
.......<..#
####.#.#..#
#.#..#
###.#.#.?#####.#
......>.hS.....#
#######.@#######
#.@# ....#
####.. ..## ...
... #..§


You could see Terence, an adder and a jackal.

Vanquished Creatures
  2 adders (D:2)
  2 dart slugs (D:1)
  An endoplasm (D:2)
  2 giant cockroaches
  6 goblins
  6 hobgoblins
  A jackal (D:3)
  A quokka (D:2)
  3 ball pythons
  4 bats (D:1)
  3 frilled lizards (D:1)
  4 kobolds
  2 rats (D:1)
37 creatures vanquished.

Notes
Turn   | Place    | Note
-------+----------+-------------------------------------------
     0 | D:1      | Destructed3 the Mummy Fighter began the quest for the Orb.
     0 | D:1      | Reached XP level 1. HP: 18/18 MP: 1/1
   168 | D:1      | Found a faded altar of an unknown god.
   185 | D:1      | Prayed at the altar of an unknown god.
   185 | D:1      | Became a worshipper of Trog the Wrathful
   185 | D:1      | Reached * piety under Trog
   212 | D:1      | Reached XP level 2. HP: 21/24 MP: 2/2
  1153 | D:2      | Gained mutation: You are in touch with the powers of death.
                  | [Mummy growth]
  1153 | D:2      | Reached XP level 3. HP: 29/29 MP: 3/3
  1665 | D:2      | Found Icimogh's Assorted Antiques.
  1673 | D:2      | Bought a lumpy lapis lazuli amulet for 75 gold pieces
  1722 | D:2      | Noticed Sigmund
  1731 | D:3      | Noticed Terence
  1742 | D:3      | Slain by Terence

Illustrated notes

Levels and vault maps discovered:
D:1:      erik_arrival_blinker_ship, layout_basic, basic_ecumenical_altar,
          minmay_misc_feat_rows, minmay_cut_off
D:2:      layout_loops_cross, serial_shops, nicolae_shop_hallway_stairs,
          uniq_sigmund
D:3:      minmay_octagon_keep, layout_loops_ring,
          nicolae_qazlal_scattered_showers, portal_sewer_entry_e,
          grunt_ministairs_10, st_stairs_4, uniq_terence

Skill      XL: |  1  2 |
---------------+-------+-----
Long Blades    | 2 |  2.2
Fighting       | |  3.5
Armour         | |  2.9
Shields        | |  2.9

Action                   || total
-------------------------++-------
Melee: Long sword        ||   135
Armor: Scale mail        ||   103
Dodge: Dodged            ||    79
Block: Buckler           ||    45
